 Dungeon Crawl Stone Soup version 0.29-a0-341-g24ffce5b50 (webtiles) character file.

Game seed: 7289692918295265849

114 spiderkeys the Skirmisher (level 4, 0/40 HPs)
             Began as a Ghoul Abyssal Knight on Apr 20, 2022.
             Was a Priest of Lugonu.
             Slain by Grinder (2 damage)
             ... on level 4 of the Dungeon on Apr 21, 2022.
             The game lasted 00:04:50 (3384 turns).

spiderkeys the Skirmisher (Ghoul Abyssal Knight)    Turns: 3384, Time: 00:04:51

Health: 0/40       AC:  4    Str: 18    XL:     4   Next: 97%
Magic:  5/5        EV: 11    Int:  5    God:    Lugonu [***...]
Gold:   181        SH:  0    Dex: 15    Spells: 3/3 levels left

rFire   . . .      SeeInvis .   a - +1 hand axe
rCold   + . .      Faith    .   (no shield)
rNeg    + + +      Spirit   .   b - +0 leather armour rPois โˆž Reflect .
                                (no helmet)
rElec   .          Harm     .   g - scarf {repulsion}
rCorr   .          Rampage  .   (no gloves)
Will    .....                   d - +0 pair of boots
Stlth   +.........              (no amulet)
HPRegen 0.00/turn               D - +6 ring of dexterity
MPRegen 0.09/turn               (no ring)

@: inhibited regen, repel missiles
A: claws 1, cold resistance 1, negative energy resistance 3, inhibited
regeneration, torment resistance 2, devour on kill
a: Renounce Religion, Depart the Abyss, Bend Space, Banish


You were on level 4 of the Dungeon.
You worshipped Lugonu.
Lugonu was most pleased with you.
You visited 1 branch of the dungeon, and saw 4 of its levels.
You visited the Abyss 1 time.

You collected 203 gold pieces.
You spent 22 gold pieces at shops.


Innate Abilities, Weirdness & Mutations

You are immune to poison.
You have sharp fingernails.
Your flesh is cold resistant. (rC+)
You are immune to negative energy. (rN+++)
You do not regenerate when monsters are visible.
You are immune to unholy pain and torment.
You thrive by killing the living.


   Skills:
 + Level 4.1 Fighting
 + Level 2.6 Axes
 + Level 2.7 Armour
 - Level 1.0 Dodging
 + Level 3.1 Invocations


You had 3 spell levels left.
You didn't know any spells.
Your spell library contained the following spells:

 Spells                   Type           Power      Damage    Failure   Level
 Magic Dart               Conj           0%         1d3       54%         1
 Slow                     Hex            0%         N/A       54%         1
 Corpse Rot               Necr/Air       0%         N/A       67%         2
 Poisonous Vapours        Pois/Air       0%         N/A       67%         2
 Searing Ray              Conj           0%         2d4       67%         2
 Confusing Touch          Hex            0%         N/A       88%         3
 Vampiric Draining        Necr           0%         2d6       88%         3
 Fulminant Prism          Conj/Hex       0%         3d6       99%         4

Inventory:

Hand Weapons
 a - a +1 hand axe (weapon)
 q - a +1 dagger of electrocution
   (You took it off a goblin on level 1 of the Dungeon)
Missiles
 e - 27 stones
Armour
 b - a +0 leather armour (worn)
 c - a +0 ring mail
   (You took it off a gnoll on level 3 of the Dungeon)
 d - a +0 pair of boots (worn)
   (You found it on level 1 of the Dungeon)
 g - a scarf of repulsion (worn)
   (You found it on level 1 of the Dungeon)
 j - a +0 robe
   (You found it on level 1 of the Dungeon)
 m - a +0 robe
   (You found it on level 1 of the Dungeon)
 o - a +0 leather armour
   (You found it on level 1 of the Dungeon)
 p - a +0 scale mail
   (You found it on level 1 of the Dungeon)
 r - a +0 leather armour
   (You found it on level 1 of the Dungeon)
 x - a +0 robe
   (You found it on level 2 of the Dungeon)
 A - a +0 pair of gloves
   (You found it on level 3 of the Dungeon)
Jewellery
 D - a +6 ring of dexterity (left claw)
   (You found it on level 1 of the Dungeon)
Scrolls
 i - 3 scrolls of teleportation {unknown}
 s - a scroll of blinking {!r}
 v - 2 scrolls of magic mapping {unknown}
 y - a scroll of vulnerability {unknown}
 B - a scroll of fog {unknown}
Potions
 f - 3 potions of heal wounds {unknown}
 k - a potion of resistance {unknown}
 n - 3 potions of flight {unknown}
 t - a potion of lignification {unknown}
 u - 2 potions of ambrosia {unknown}
 w - a potion of curing {unknown}

Dungeon Overview and Level Annotations

Branches:
Dungeon (4/15)
 Temple: D:4-7

Altars:

Shops:
D:2 ?

Annotations:
D:4 Grinder

..# .... ..###..#
##.....##
##.......#.
########..........
#........#.โ€
...#.
#........##...##
#..J.....#.....#
#.@S.........J....
#.5.....#.......#.
#......รท##.....##
#.......# .###ยง.
#........... ...
#......#.....
#......#......
#####.(#.....
#.......#


You could see Grinder, an adder and an endoplasm.


Message History

An adder comes into view.
The hobgoblin closely misses you. Grinder hits you!
* * * LOW HITPOINT WARNING * * *
๐Ÿ˜จ HP[-15]
You take 15 damage, and now have 16/40 hp.
MASSIVE DAMAGE!! (PAUSE)
The adder hisses angrily.
You hit Grinder. You hit the hobgoblin. The hobgoblin barely misses you.
Grinder hits you.
* * * LOW HITPOINT WARNING * * *
๐Ÿ˜จ HP[-3]
You take 3 damage, and now have 13/40 hp.
You hit Grinder. You hit the endoplasm. You hit the hobgoblin.
You kill the hobgoblin!
Lugonu accepts your kill.
You feel better. The endoplasm misses you. Grinder hits you.
* * * LOW HITPOINT WARNING * * *
๐Ÿ˜ฑ HP[-4]
You take 4 damage, and now have 9/40 hp.
As you read the scroll of fear, it crumbles to dust.
You assume a fearsome visage.
Grinder looks frightened!
The adder looks frightened!
The endoplasm looks frightened!
Grinder blinks!
Unknown command.
Grinder blinks!
Grinder blinks! ๐Ÿ˜ฑ HP[+1]
There is a stone staircase leading up here.
You climb upwards.
There is a stone staircase leading down here.
You start resting. ๐Ÿ˜Ž HP[+30]
Your hp is fully restored (40).
You climb downwards.
Level annotation: Grinder Grinder says, "Tell me all your secrets, or I'll kill you."
Grinder gestures at you.
You suddenly lose the ability to move!
Grinder blinks!
You can move again.
There is a stone staircase leading up here.
Throw: throwing net {=f!f}
Press: ? - help, Shift-Dir - straight line, f - Grinder
Aim: Grinder (57% to hit)
You throw a throwing net {=f!f}.
The throwing net {=f!f} closely misses Grinder.
Okay, then.
You barely miss Grinder. Grinder hits you.
Grinder barely misses you. ๐Ÿ˜• HP[-4]
You take 4 damage, and now have 36/40 hp.
You closely miss Grinder. Grinder hits you! ๐Ÿ˜ฎ HP[-7]
You take 7 damage, and now have 29/40 hp.
You hit Grinder. Grinder barely misses you.
You hit Grinder. Grinder hits you. ๐Ÿ˜ฎ HP[-5]
You take 5 damage, and now have 24/40 hp.
You hit Grinder. Grinder hits you but does no damage.
You hit Grinder. Grinder closely misses you.
Grinder hits you but does no damage.
You closely miss Grinder. Grinder closely misses you.
You hit Grinder. Grinder hits you. ๐Ÿ˜ฎ HP[-3]
You take 3 damage, and now have 21/40 hp.
You hit Grinder. Grinder misses you.
You closely miss Grinder. Grinder barely misses you.
You barely miss the adder. You hit Grinder but do no damage.
You completely miss the endoplasm. The adder closely misses you.
The endoplasm hits you but does no damage.
Grinder barely misses you. The adder bites you but does no damage.
You completely miss Grinder. You barely miss the adder. You hit the endoplasm.
The endoplasm hits you.
* * * LOW HITPOINT WARNING * * *
Grinder hits you.
* * * LOW HITPOINT WARNING * * *
The adder bites you.
* * * LOW HITPOINT WARNING * * *
The endoplasm freezes you.
You are frozen.
You resist.
* * * LOW HITPOINT WARNING * * *
Grinder closely misses you. ๐Ÿ˜จ HP[-9]
You take 9 damage, and now have 12/40 hp.
MASSIVE DAMAGE!! (PAUSE)
You hit Grinder. You miss the adder. You hit the endoplasm.
The adder bites you but does no damage. The adder completely misses you.
The endoplasm closely misses you. Grinder hits you.
* * * LOW HITPOINT WARNING * * *
๐Ÿ˜ฑ HP[-5]
You take 5 damage, and now have 7/40 hp.
You hit Grinder. You miss the adder. You hit the endoplasm but do no damage.
The adder closely misses you. The endoplasm hits you.
* * * LOW HITPOINT WARNING * * *
Grinder closely misses you. ๐Ÿ˜ฑ HP[-1]
You take 1 damage, and now have 6/40 hp.
You hit Grinder. You hit the adder. You hit the endoplasm. The adder bites you.
* * * LOW HITPOINT WARNING * * *
The endoplasm hits you but does no damage.
Grinder hits you.
You die...

Skill      XL: |  1  2  3  4 |
---------------+-------------+-----
Dodging        | 1 |  1.0
Axes           | 2 |  2.6
Armour         | 2 |  2.7
Fighting       | 4 |  4.1
Invocations    | 3 |  3.1

Action                   |  1- 3 |  4- 6 || total
-------------------------+-------+-------++-------
Melee: Hand axe          |    47 |    32 ||    79
       Dagger            |    66 |    58 ||   124
Throw: Dart              |       |     2 ||     2
       Throwing net      |       |     1 ||     1
  Use: Scroll            |     2 |     1 ||     3
 Stab: Sleeping          |       |     1 ||     1
Armor: Leather armour    |    34 |    27 ||    61
Dodge: Dodged            |    82 |    63 ||   145

Levels and vault maps discovered:
D:1:      lemuel_arrival_tunnels, layout_basic,
          shapermc_ecumenical_altar_mp_urbaneastern
D:2:      layout_basic, serial_shops, shop_scrolls
D:3:      layout_loops_cross, due_unseen_surprise
D:4:      nicolae_cairo_tiling_large_dashed, layout_rooms,
          grunt_decor_resistance, interstate_on_off, kennysheep_diamond,
          nicolae_shop_gadgets, uniq_eustachio, uniq_grinder,
          uniq_crazy_yiuf_cottage

Notes
Turn   | Place    | Note
-------+----------+-------------------------------------------
     0 | Abyss:1  | spiderkeys the Ghoul Abyssal Knight began the quest for the
                  | Orb.
     0 | Abyss:1  | Reached XP level 1. HP: 19/19 MP: 1/1
     0 | Abyss:1  | magus.rc [v1.11.3]
    10 | D:1      | You pass through the gate.
    10 | D:1      | Escaped the Abyss
    41 | D:1      | Reached skill level 1 in Dodging
   196 | D:1      | Reached XP level 2. HP: 25/26 MP: 2/2
   200 | D:1      | Reached skill level 2 in Axes
   200 | D:1      | Reached skill level 2 in Armour
   368 | D:1      | You pick up a book of Vapours and begin reading...
   368 | D:1      | You add the spells Poisonous Vapours and Corpse Rot to your
                  | library.
   487 | D:1      | Reached XP level 3. HP: 31/31 MP: 3/3
   870 | D:1      | Found a faded altar of an unknown god.
   871 | D:1      | Upgraded the game from 0.29-a0-340-g6efceafd81 to
                  | 0.29-a0-341-g24ffce5b50
   871 | D:1      | magus.rc [v1.11.3]
  1024 | D:2      | Reached *** piety under Lugonu
  1634 | D:2      | Found Putuoxeto's Magic Scroll Boutique.
  1640 | D:2      | Bought a scroll of identify for 22 gold pieces
  1844 | D:3      | Reached XP level 4. HP: 30/40 MP: 5/5
  2119 | D:3      | HP: 9/40 [gnoll/+0 spear (4)]
  2122 | D:3      | Reached skill level 4 in Fighting
  2122 | D:3      | Reached skill level 3 in Invocations
  2126 | D:3      | HP: 8/40 [bat (1)]
  2439 | D:3      | You pick up a book of Debilitation and begin reading...
  2439 | D:3      | You add the spells Slow, Vampiric Draining and Confusing
                  | Touch to your library.
  2658 | D:3      | You pick up a book of Conjurations and begin reading...
  2658 | D:3      | You add the spells Magic Dart, Searing Ray and Fulminant
                  | Prism to your library.
  3113 | D:4      | Noticed Grinder
  3117 | D:4      | Paralysed by Grinder for 4 turns
  3123 | D:4      | HP: 9/40 [Grinder (5)]
  3363 | D:4      | Paralysed by Grinder for 5 turns
  3382 | D:4      | HP: 7/40 [Grinder (5)]
  3384 | D:4      | HP: 2/40 [adder (4)]
  3384 | D:4      | Slain by Grinder

Vanquished Creatures
  3 gnolls (D:3)
  3 adders
  2 worms (D:3)
  A dart slug (D:3)
  An orc (D:3)
  An endoplasm (D:2)
  4 hobgoblins
  4 jackals
  3 kobolds
  5 quokkas
  10 ball pythons
  5 bats
  A frilled lizard (D:1)
  4 goblins
  2 rats
49 creatures vanquished.

Vanquished Creatures (others)
  2 fungi (D:1)
  2 plants (D:1)
4 creatures vanquished.

Grand Total: 53 creatures vanquished

Table legend:
 A = Non-vault XP
 B = Vault XP
 C = Vault XP percentage of total XP
 D = Non-vault monster count
 E = Vault monster count
 F = Vault count percentage of total count
                 A         B        C        D         E       F
            +---------+---------+-------+---------+---------+-------
      Total |     163 |       0 |   0.0 |      49 |       0 |   0.0
            +---------+---------+-------+---------+---------+-------
        D:1 |      34 |       0 |   0.0 |      21 |       0 |   0.0
        D:2 |      45 |       0 |   0.0 |      13 |       0 |   0.0
        D:3 |      81 |       0 |   0.0 |      13 |       0 |   0.0
        D:4 |       3 |       0 |   0.0 |       2 |       0 |   0.0
            +---------+---------+-------+---------+---------+-------

Illustrated notes

Table legend:
 A = Kills in this place as a percentage of kills in entire the game.
 B = Kills by you in this place as a percentage of kills by you in the entire game.
 C = Kills by friends in this place as a percentage of kills by friends in the entire game.
 D = Other kills in this place as a percentage of other kills in the entire game.
 E = Experience gained in this place as a percentage of experience gained in the entire game.
 F = Experience gained in this place divided by the number of levels of this place that you have seen.
                   A       B       C       D       E      F
               +-------+-------+-------+-------+-------+----------------------
         Total | 100.0 | 100.0 |   N/A |   N/A | 100.0 |  32.6
       Dungeon | 100.0 | 100.0 |   N/A |   N/A | 100.0 |  40.8
               +-------+-------+-------+-------+-------+----------------------

Table legend: (Time is in decaauts)
 A = Elapsed time spent in this place.
 B = Non-inter-level travel time spent in this place.
 C = Inter-level travel time spent in this place.
 D = Time resting spent in this place.
 E = Time spent auto-exploring this place.
 F = Levels seen in this place.
 G = Mean time per level.
                   A        B        C        D        E       F      G
               +--------+--------+--------+--------+--------+-----+--------+
         Total |   3397 |   3310 |     87 |    298 |   2547 |   5 |  679.4 |
       Dungeon |   3387 |   3300 |     87 |    298 |   2543 |   4 |  846.8 |
         Abyss |     10 |     10 |      0 |      0 |      4 |   1 |   10.0 |
               +--------+--------+--------+--------+--------+-----+--------+

Top non-repeatable levels by time:
     D:3: 1489 daAuts
     D:2: 931 daAuts
     D:1: 897 daAuts
     D:4: 69 daAuts
 Abyss:1: 10 daAuts
